 Dungeon Crawl Stone Soup version 0.31-a0-236-g9a0961fb85 (webtiles) character file.

Game seed: 2521394168557754798

2479 qw the Protected (level 9, -5/78 HPs)
             Began as a Minotaur Hexslinger on July 9, 2023.
             Was a Follower of Okawaru.
             Slain by a slime creature (7 damage)
             ... on level 7 of the Dungeon.
             The game lasted 00:02:33 (6194 turns).

qw the Protected (Minotaur Hexslinger)              Turns: 6194, Time: 00:02:33

Health: -5/78      AC:  9    Str: 14    XL:     9   Next: 27%
Magic:  7/9        EV: 15    Int: 10    God:    Okawaru [*.....]
Gold:   203        SH:  0    Dex: 16    Spells: 9/10 levels left

rFire   . . .        Y - +1 sling (elec)
rCold   + + .        (no shield)
rNeg    . . .        c - +0 ring mail
rPois   .            (helmet restricted)
rElec   .            (no cloak)
rCorr   .            (no gloves)
SInv    .            (no boots)
Will    .....        (no amulet)
Stlth   ++           g - ring of protection from cold
HPRegen 0.33/turn    a - ring of protection from cold
MPRegen 0.11/turn

%: clarity
@: about to teleport, heroic
A: horns 2, retaliatory headbutt, clarity
a: Renounce Religion, Heroism


You were on level 7 of the Dungeon.
You worshipped Okawaru.
Okawaru was aware of your devotion.
You visited 2 branches of the dungeon, and saw 8 of its levels.
You also visited: Ossuary.

You collected 259 gold pieces.
You spent 56 gold pieces at shops.


Innate Abilities, Weirdness & Mutations

You have a pair of horns on your head.
You reflexively headbutt those who attack you in melee.
You possess an exceptional clarity of mind.


   Skills:
 + Level 6.8(11.8) Fighting
 - Level 11.5(16.5) Ranged Weapons
 - Level 14.0(19.0) Armour
 - Level 3.0(8.0) Dodging
 - Level 1.0 Spellcasting
 - Level 2.0 Hexes
 + Level 2.1 Invocations


You had 9 spell levels left.
You knew the following spells:

 Your Spells              Type           Power      Damage    Failure   Level
a - Slow                  Hex            16%        N/A       22%         1

Your spell library contained the following spells:

 Spells                   Type           Power      Damage    Failure   Level
 Inner Flame              Hex/Fire       2%         N/A       71%         3
 Portal Projectile        Hex/Tloc       4%         N/A       71%         3
 Cause Fear               Hex            2%         N/A       92%         4

Inventory:

Hand Weapons
 Y - a +1 sling of electrocution (weapon)
Armour
 c - a +0 ring mail (worn)
Jewellery
 a - a ring of protection from cold (right hand)
 g - a ring of protection from cold (left hand)
Scrolls
 j - 2 scrolls of teleportation
 k - 2 scrolls of identify
Potions
 b - 4 potions of enlightenment
 d - 6 potions of curing
 e - 2 potions of might
 i - 2 potions of cancellation
 m - a potion of haste

Dungeon Overview and Level Annotations

Branches:
Dungeon (7/15)             Temple (1/1) D:4         Ossuary (visited)

Altars:
Ashenzari
Cheibriados
Dithmenos
Elyvilon
Fedhas
Gozag
Kikubaaqudgha
Makhleb
Nemelex Xobeh
Okawaru
Qazlal
Sif Muna
Trog
Vehumet
Wu Jian
Xom
Yredelemnul
Zin
The Shining One

Shops:
D:2 ?   D:4 *   D:5 *

Annotations:
D:7 1 runed translucent door, qw's ghost, novice GrFi


Message History

There is an open door here.
Qw's ghost shouts, "You must not succeed where I failed!"
j - 3 scrolls of teleportation (gained 1)
You open the door.
There is an open door here.
A manticore comes into view.
Enter note:
Enter note:
6187 ||| INVOKING Heroism.
You gain the combat prowess of a mighty hero.
The manticore bites you! The manticore closely misses you.
The manticore claws you!
You shoot a sling bullet.
The sling bullet hits the manticore but does no damage.
A slime creature comes into view.
The manticore closely misses you. x2; The manticore completely misses you.
You shoot a sling bullet.
The sling bullet hits the manticore but does no damage.
The manticore closely misses you. You furiously retaliate!
You headbutt the manticore. The manticore claws you.
The manticore closely misses you.
You shoot a sling bullet. The sling bullet hits the manticore.
Lightning courses through the manticore!
The manticore is moderately wounded.
The manticore bites you!! The manticore claws you! The manticore misses you.
You shoot a sling bullet.
The sling bullet completely misses the manticore.
You shoot a sling bullet.
The sling bullet barely misses the manticore.
The slime creature closely misses you. The manticore bites you!
The manticore barely misses you. The manticore claws you.
6193 ||| READING 3 scrolls of teleportation.
As you read the scroll of teleportation, it crumbles to dust.
You feel strangely unstable. The slime creature misses you.
The manticore misses you. You furiously retaliate!
You headbutt the manticore! The manticore claws you. x2
You shoot a sling bullet. The sling bullet hits the manticore!
The manticore is severely wounded.
The slime creature hits you!
You die...

. #.........# ..
#.........# ...
#.........#
....#.........#
#.####.#### #
#####.####'# .##.
......#....# ..# #
......#....# #J#.#
......#....#####@H#
......#....##.#.##.#
......#....# #.## #
......+....###.####
##....####.##.....###
##########..##.#..#.##
..............<#.....#
...............#.....#
...........>...#.....#


You could see a slime creature and a manticore.

Vanquished Creatures
  Sigmund (D:6)
  A wraith (D:6)
  An orc warrior (D:7)
  A black bear (D:4)
  2 bullfrogs
  A gnoll sergeant (D:5)
  4 water moccasin zombies (Ossuary)
  4 scorpions
  5 orc priests
  A jelly (D:5)
  3 hounds
  2 iguanas (D:5)
  5 orc wizards
  2 mummies (Ossuary)
  22 gnolls
  7 adders
  5 adder zombies (Ossuary)
  2 worms
  21 orcs
  12 endoplasms
  2 giant cockroaches
  A gnoll zombie (Ossuary)
  10 goblins
  8 hobgoblins
  7 jackals
  4 quokkas
  7 ball pythons
  4 bats
  3 frilled lizards
  9 hobgoblin zombies (Ossuary)
  9 kobolds
  3 kobold zombies (Ossuary)
  9 orc zombies (Ossuary)
  6 rats
184 creatures vanquished.

Notes
Turn   | Place    | Note
-------+----------+-------------------------------------------
     0 | D:1      | qw the Minotaur Hexslinger began the quest for the Orb.
     0 | D:1      | Reached XP level 1. HP: 16/16 MP: 1/1
     0 | D:1      | 0 ||| qw: Version: 0.3-a-51-g015441d
     0 | D:1      | 0 ||| qw: Game counter: 4435
     0 | D:1      | 0 ||| qw: Melee chars always use a shield: true
     0 | D:1      | 0 ||| qw: God list: Okawaru
     0 | D:1      | 0 ||| qw: Allow faded altars: false
     0 | D:1      | 0 ||| qw: Do Orc after clearing Dungeon:15 true
     0 | D:1      | 0 ||| qw: Do second Lair branch before Depths: true
     0 | D:1      | 0 ||| qw: Lair rune preference: random
     0 | D:1      | 0 ||| qw: Goals: Normal
     0 | D:1      | 0 ||| PLANNING D:1-11
   154 | D:1      | Reached skill level 3 in Ranged Weapons
   176 | D:1      | Reached XP level 2. HP: 23/23 MP: 2/2
   339 | D:1      | 339 ||| Stepping ~*~*~tactically~*~*~ (outnumbered).
   801 | D:1      | 801 ||| UPGRADING to ring of protection from cold.
   802 | D:1      | 802 ||| READING scroll labelled INUPEPT YTITO.
   803 | D:1      | 803 ||| READING 2 scrolls labelled JEAROPLILITI.
   804 | D:1      | 804 ||| READING scroll labelled DOREIMM XUENI.
   808 | D:1      | 808 ||| DROPPING scroll of poison.
   809 | D:1      | 809 ||| DROPPING scroll of immolation.
   881 | D:2      | Reached XP level 3. HP: 21/29 MP: 3/3
  1543 | D:2      | Found Ruomp's Magic Scroll Shop.
  1546 | D:2      | 1546 ||| SHOPLISTING scroll of enchant armour (105 gold,
                  | have 62).
  1546 | D:2      | 1546 ||| BUYING scroll of identify (28 gold).
  1546 | D:2      | Bought a scroll of identify for 28 gold pieces
  1546 | D:2      | 1546 ||| BUYING scroll of identify (28 gold).
  1546 | D:2      | Bought a scroll of identify for 28 gold pieces
  1546 | D:2      | 1546 ||| SHOPLISTING scroll of identify (28 gold, have 6).
  1546 | D:2      | 1546 ||| SHOPLISTING scroll of teleportation (42 gold, have
                  | 6).
  1798 | D:2      | 1798 ||| UPGRADING to +0 leather armour.
  1808 | D:2      | 1808 ||| DROPPING +0 robe.
  1809 | D:2      | 1809 ||| READING scroll labelled WIUTTA NADI.
  1810 | D:2      | 1810 ||| READING 3 scrolls labelled REIZAYPUEMA.
  1811 | D:2      | 1811 ||| READING 2 scrolls of brand weapon.
  1811 | D:2      | 1811 ||| BRANDING +1 sling of electrocution.
  1812 | D:2      | 1812 ||| READING scroll of brand weapon.
  1812 | D:2      | 1812 ||| BRANDING +1 sling of draining.
  1813 | D:2      | 1813 ||| DRINKING 3 smoky emerald potions.
  1814 | D:2      | 1814 ||| READING 2 scrolls of identify.
  1814 | D:2      | 1814 ||| IDENTIFYING dark potion
  1930 | D:3      | Reached XP level 4. HP: 29/36 MP: 4/4
  2134 | D:3      | Reached skill level 3 in Fighting
  2266 | D:3      | Reached XP level 5. HP: 45/45 MP: 5/5
  2555 | D:3      | 2555 ||| DROPPING scarf of harm.
  2556 | D:3      | 2556 ||| UPGRADING to +0 ring mail.
  2566 | D:3      | 2566 ||| DROPPING +0 leather armour.
  2567 | D:3      | 2567 ||| DROPPING +6 ring of intelligence.
  2568 | D:3      | 2568 ||| DRINKING 2 green potions.
  2568 | D:3      | Reached skill level 14 in Armour
  2568 | D:3      | Reached XP level 6. HP: 51/51 MP: 6/6
  2569 | D:3      | 2569 ||| DRINKING potion of experience.
  2569 | D:3      | Reached XP level 7. HP: 57/57 MP: 7/7
  2577 | D:4      | 2577 ||| PLANNING OSSUARY
  2603 | D:4      | 2603 ||| Stepping ~*~*~tactically~*~*~ (outnumbered).
  2622 | D:4      | 2622 ||| FLEEEEING.
  2624 | D:4      | 2624 ||| FLEEEEING.
  2625 | D:4      | 2625 ||| FLEEEEING.
  2626 | D:4      | 2626 ||| FLEEEEING.
  2627 | D:4      | 2627 ||| FLEEEEING.
  2628 | D:4      | 2628 ||| FLEEEEING.
  2629 | D:4      | 2629 ||| FLEEEEING.
  2630 | D:4      | 2630 ||| FLEEEEING.
  2631 | D:4      | 2631 ||| FLEEEEING.
  2632 | D:4      | 2632 ||| FLEEEEING.
  2633 | D:4      | 2633 ||| FLEEEEING.
  2634 | D:4      | 2634 ||| FLEEEEING.
  2635 | D:4      | 2635 ||| STAIRDANCE
  2694 | D:4      | 2694 ||| STAIRDANCE
  2731 | D:4      | Found Folani's Fire Supplies.
  2754 | D:4      | 2754 ||| SHOPLISTING +1 robe of fire resistance (177 gold,
                  | have 42).
  2754 | D:4      | 2754 ||| SHOPLISTING +2 robe of fire resistance (247 gold,
                  | have 42).
  2754 | D:4      | 2754 ||| SHOPLISTING ring of fire (350 gold, have 42).
  2754 | D:4      | 2754 ||| SHOPLISTING ring of protection from fire (350
                  | gold, have 42).
  2845 | D:4      | Found a staircase to the Ecumenical Temple.
  2898 | D:4      | Found a sand-covered staircase.
  2899 | D:4      | 2899 ||| UPGRADING to ring of protection from cold.
  2908 | Ossuary  | Entered an ossuary
  3011 | Ossuary  | Reached XP level 8. HP: 62/67 MP: 8/8
  3134 | Ossuary  | 3134 ||| READING scroll labelled JUPPUTH GIBRUC.
  3237 | Ossuary  | 3237 ||| READING scroll labelled UKLYPU GIETSIO.
  3238 | Ossuary  | 3238 ||| DRINKING 2 viscous grey potions.
  3238 | Ossuary  | Gained mutation: You are occasionally teleported next to
                  | monsters. [potion of mutation]
  3238 | Ossuary  | Gained mutation: You are somewhat resistant to further
                  | mutation. [potion of mutation]
  3239 | Ossuary  | 3239 ||| DRINKING potion of mutation.
  3239 | Ossuary  | Lost mutation: You are somewhat resistant to further
                  | mutation. [potion of mutation]
  3239 | Ossuary  | Lost mutation: You are occasionally teleported next to
                  | monsters. [potion of mutation]
  3239 | Ossuary  | Gained mutation: Your spells are a little easier to cast,
                  | but a little less powerful. [potion of mutation]
  3239 | Ossuary  | Lost mutation: Your spells are a little easier to cast, but
                  | a little less powerful. [potion of mutation]
  3239 | Ossuary  | Gained mutation: You possess an exceptional clarity of
                  | mind. [potion of mutation]
  3240 | Ossuary  | 3240 ||| READING 3 scrolls of identify.
  3240 | Ossuary  | 3240 ||| IDENTIFYING bubbling puce potion
  3241 | Ossuary  | 3241 ||| READING 2 scrolls of identify.
  3241 | Ossuary  | 3241 ||| IDENTIFYING golden potion
  3242 | Ossuary  | 3242 ||| DROPPING potion of degeneration.
  3248 | D:4      | 3248 ||| PLANNING TEMPLE
  3267 | Temple   | Entered the Ecumenical Temple
  3332 | Temple   | 3332 ||| PLANNING OKAWARU WORSHIP
  3566 | Temple   | Became a worshipper of Warmaster Okawaru
  3567 | Temple   | 3567 ||| PLANNING D:1-11
  3837 | D:4      | 3837 ||| READING 2 scrolls of identify.
  3837 | D:4      | 3837 ||| IDENTIFYING sedimented red potion
  3838 | D:4      | 3838 ||| DROPPING potion of brilliance.
  3855 | D:5      | Entered Level 5 of the Dungeon
  4092 | D:5      | Found Otza's Lightly-Used Armoury.
  4162 | D:5      | Reached skill level 6 in Fighting
  4505 | D:5      | Reached skill level 3 in Dodging
  4630 | D:5      | Reached * piety under Okawaru
  4778 | D:5      | 4778 ||| READING scroll labelled TUNIRPHAKLE.
  4779 | D:5      | 4779 ||| READING scroll labelled ACAUTRAUSY.
  4880 | D:5      | 4880 ||| DRINKING 3 fuming ruby potions.
  4881 | D:5      | 4881 ||| READING 4 scrolls of identify.
  4881 | D:5      | 4881 ||| IDENTIFYING pink potion
  4882 | D:5      | 4882 ||| READING 3 scrolls of identify.
  4882 | D:5      | 4882 ||| IDENTIFYING coppery potion
  4883 | D:5      | 4883 ||| READING 2 scrolls of identify.
  4883 | D:5      | 4883 ||| IDENTIFYING glowing clear potion
  4884 | D:5      | 4884 ||| DROPPING potion of attraction.
  4885 | D:5      | 4885 ||| DROPPING potion of lignification.
  5233 | D:6      | 5233 ||| Stepping ~*~*~tactically~*~*~ (outnumbered).
  5234 | D:6      | 5234 ||| Stepping ~*~*~tactically~*~*~ (outnumbered).
  5236 | D:6      | 5236 ||| Stepping ~*~*~tactically~*~*~ (outnumbered).
  5237 | D:6      | 5237 ||| Stepping ~*~*~tactically~*~*~ (outnumbered).
  5240 | D:6      | 5240 ||| INVOKING Heroism.
  5246 | D:6      | Reached skill level 1 in Invocations
  5284 | D:6      | 5284 ||| INVOKING Heroism.
  5285 | D:6      | 5285 ||| INVOKING Heroism.
  5288 | D:6      | Reached XP level 9. HP: 78/78 MP: 6/9
  5421 | D:6      | Noticed Sigmund
  5422 | D:6      | 5422 ||| INVOKING Heroism.
  5427 | D:6      | Killed Sigmund
  5455 | D:6      | Found a shadowy altar of Dithmenos.
  5459 | D:6      | Found a glowing golden altar of the Shining One.
  5462 | D:6      | Found an ancient bone altar of Kikubaaqudgha.
  5584 | D:6      | 5584 ||| DROPPING ring of ice.
  5585 | D:6      | 5585 ||| READING 3 scrolls of identify.
  5585 | D:6      | 5585 ||| IDENTIFYING fuming inky potion
  5637 | D:7      | 5637 ||| INVOKING Heroism.
  5643 | D:7      | HP: 7/78 [gnoll sergeant/+0 trident of venom (14)]
  5644 | D:7      | 5644 ||| READING 3 scrolls of teleportation.
  5645 | D:7      | 5645 ||| DRINKING potion of heal wounds.
  5648 | D:7      | HP: 16/78 [poisoned by a gnoll sergeant]
  5855 | D:7      | Found a runed translucent door.
  5855 | D:7      | Noticed qw's ghost (novice GrFi)
  5881 | D:7      | 5881 ||| STAIRDANCE
  5946 | D:7      | 5946 ||| INVOKING Heroism.
  6186 | D:7      | Noticed a manticore
  6187 | D:7      | 6187 ||| INVOKING Heroism.
  6192 | D:7      | HP: 16/78 [manticore (10)]
  6193 | D:7      | 6193 ||| READING 3 scrolls of teleportation.
  6193 | D:7      | HP: 6/78 [manticore (5)]
  6193 | D:7      | HP: 1/78 [manticore (5)]
  6194 | D:7      | Slain by a slime creature

Levels and vault maps discovered:
D:1:      minmay_arrival_checkered_box, layout_loops_ring,
          chequers_serial_rivers_room_a, roderic_lattice_a, serial_bayou_pond_c
D:2:      layout_basic, serial_shops, nicolae_shop_rolled_up,
          kennysheep_generic_room_3
D:3:      layout_basic, nicolae_concentric_dashed_squares_mild
D:4:      layout_rooms, minmay_temple_entry_junction,
          nicolae_ossuary_entry_monument, nicolae_shop_fire_sale
          [nicolae_sub_dead_trees]
D:5:      layout_basic, minmay_shop_damaged
D:6:      layout_basic, grunt_temple_overflow_diamond, uniq_sigmund
D:7:      minmay_cornered_nines, layout_gridville,
          hellmonk_ghost_happy_afterlife
Temple:   minmay_temple_bridge_d

Skill      XL: |  1  2  3  4  5  6  7  8  9 |
---------------+----------------------------+-----
Ranged Weapons | 3 4 5 11 | 11.5
Fighting       | 2 3 4 6 |  6.8
Armour         | 14 | 14.0
Dodging        | 3 |  3.0
Invocations    | 1 2 |  2.1
Spellcasting   | |  1.0
Hexes          | |  2.0

Action                     |  1- 3 |  4- 6 |  7- 9 || total
---------------------------+-------+-------+-------++-------
   Fire: Sling             |   153 |    38 |   377 ||   568
 Invoke: Heroism           |       |       |     6 ||     6
    Use: Scroll            |     8 |       |    13 ||    21
         Potion            |     1 |     2 |     4 ||     7
 Armour: Robe              |    11 |       |       ||    11
         Leather armour    |       |     1 |       ||     1
         Ring mail         |       |       |    64 ||    64
  Dodge: Dodged            |    49 |     7 |   115 ||   171

Table legend:
 A = Non-vault XP
 B = Vault XP
 C = Vault XP percentage of total XP
 D = Non-vault monster count
 E = Vault monster count
 F = Vault count percentage of total count
                 A         B        C        D         E       F
            +---------+---------+-------+---------+---------+-------
      Total |    2076 |     836 |  28.7 |     148 |      36 |  19.6
            +---------+---------+-------+---------+---------+-------
        D:1 |      40 |       0 |   0.0 |      23 |       0 |   0.0
        D:2 |      38 |       2 |   5.0 |      21 |       1 |   4.5
        D:3 |     153 |       0 |   0.0 |      23 |       0 |   0.0
        D:4 |     285 |       0 |   0.0 |      24 |       0 |   0.0
        D:5 |     781 |       0 |   0.0 |      27 |       0 |   0.0
        D:6 |     502 |     431 |  46.2 |      21 |       2 |   8.7
        D:7 |     277 |       0 |   0.0 |       9 |       0 |   0.0
    Ossuary |       0 |     403 | 100.0 |       0 |      33 | 100.0
            +---------+---------+-------+---------+---------+-------
